 Dungeon Crawl Stone Soup version 0.17-a0-1431-g695b0fe (webtiles) character file.

654 Geeful the Twirler (level 7, -3/61 HPs)
             Began as a Minotaur Gladiator on June 25, 2015.
             Killed by nerve-wracking pain
             ... invoked by Grinder
              (10 damage)
             ... on level 4 of the Dungeon.
             The game lasted 00:18:04 (4266 turns).

Geeful the Twirler (Minotaur Gladiator)             Turns: 4266, Time: 00:18:04

Health: -3/61      AC:  7    Str: 20    XL:     7   Next: 29%
Magic:  6/6        EV: 13    Int:  5    God:
Gold:   182        SH:  0    Dex: 12    Spells: 0 memorised, 6 levels left

rFire  + . .     SeeInvis .     a - +1 quarterstaff
rCold  . . .     Clarity  .     k - +0 ring mail
rNeg   . . .     SustAt   +     (no shield)
rPois  .         Gourm    .     c - +0 hat
rElec  .         Spirit   .     (no cloak)
rCorr  .         Warding  .     (no gloves)
rMut   .         Stasis   .     r - +0 pair of boots
MR     .....                    (no amulet)
Stlth  +.........               (no ring)
                                y - ring of sustain attributes

@: not resistant to hostile enchantments, very unstealthy
A: retaliatory headbutt, horns 2, fire resistance 1
a: no special abilities


You were on level 4 of the Dungeon.
You were not hungry.

You visited 1 branch of the dungeon, and saw 4 of its levels.

You collected 182 gold pieces.

Inventory:

Hand weapons
 a - a +1 quarterstaff (weapon)
Missiles
 q - 6 javelins (quivered)
 w - 20 poisoned needles
Armour
 c - a +0 hat (worn)
 k - a +0 ring mail (worn)
 r - a +0 pair of boots (worn)
Jewellery
 y - a ring of sustain attributes (left hand)
Magical devices
 o - a wand of flame (11)
 u - a wand of magic darts (8)
Scrolls
 b - a scroll of identify
 h - a scroll of remove curse
 i - 2 scrolls of noise
 t - a scroll of random uselessness
 v - a scroll of enchant armour {unknown}
Potions
 l - a potion of cancellation
 n - a potion of flight
 s - a potion of curing
 C - a potion of magic
Comestibles
 e - 5 bread rations
 f - 4 fruits
 m - 4 meat rations


   Skills:
 + Level 5.1 Fighting
 + Level 5.9 Staves
 - Level 2.0 Throwing
 + Level 4.2 Armour
 + Level 5.7 Dodging


You had 6 spell levels left.
You didn't know any spells.

Dungeon Overview and Level Annotations

Branches:
Dungeon (4/15)
 Temple: D:4-7

Altars:
Dithmenos
Elyvilon
Nemelex Xobeh
Qazlal
Trog

Annotations:
D:3 yottam's ghost, average HuWn
D:4 Grinder


Innate Abilities, Weirdness & Mutations

You reflexively headbutt those who attack you in melee.
You have a pair of horns on your head.
Your flesh is heat resistant.


Message History

You writhe in agony.
* * * LOW HITPOINT WARNING * * *
All of the chunks of flesh in your inventory have rotted away.
You barely miss Grinder. Your headbutt misses Grinder.
Grinder is moderately wounded.
Grinder gestures at you. Pain shoots through your body!
* * * LOW HITPOINT WARNING * * *
You sock Grinder!
Grinder is heavily wounded.
Grinder hits you.
* * * LOW HITPOINT WARNING * * *
Read which item? (? for menu, Esc to quit)
As you read the scroll labeled XUXZUL TOFIYNN, it crumbles to dust.
It is a scroll of enchant weapon.
Enchant which weapon? (? for menu, Esc to quit)
Your +0 quarterstaff glows red for a moment.
Grinder gestures at you. Pain shoots through your body!
You die...

#.'.......#.#.#####
#.#...###.#.#.# #.#...# #(#.#.#
#.#...###.#.#.####
..#.....#.#.#..#..
..#.###.#.#.##.#(#
.>#.#.#.#.#.##.#(#######
#.#.#...#.#.##.#5##....#
#)#.....#.#.##.#@##.##.#
#.#.......#.##.#(##.##.#
.>......#.#....#.##.##.#
#.##############.##.##.#
#...................##.#
################.......#########
...........(...........)oog.o..o
.#.#############################
.#...#


You could see Grinder.

Vanquished Creatures
  Menkaure (D:4)
  Blork the orc (D:4)
  A scorpion (D:4)
  A hound (D:4)
  2 orc wizards (D:4)
  2 orc priests
  2 worker ants (D:4)
  Robin (D:4)
  9 adders
  An ooze (D:2)
  2 worms
  13 orcs
  10 bats
  A bat skeleton (D:4)
  4 giant cockroaches
  14 goblins
  12 hobgoblins
  2 jackals
  2 quokkas
  A ball python (D:4)
  3 giant geckos
  9 giant newts
  10 kobolds
  8 rats
112 creatures vanquished.

Vanquished Creatures (others)
  A ghoul (D:1)
  2 minotaurs (D:1)
  An octopode (D:1)
  A draconian (D:1)
  A gargoyle (D:1)
  A troll (D:1)
  2 spriggans (D:1)
  2 humans (D:1)
  2 nagas (D:1)
  An ogre (D:1)
  An orc (D:1)
  4 tentacles (D:1)
  112 tentacle segments (D:1)
131 creatures vanquished.

Grand Total: 243 creatures vanquished

Notes
Turn   | Place    | Note
--------------------------------------------------------------
     0 | D:1      | Geeful the Minotaur Gladiator began the quest for the Orb.
     0 | D:1      | Reached XP level 1. HP: 18/18 MP: 0/0
     2 | D:1      | Noticed a naga
     2 | D:1      | Noticed a ghoul
     2 | D:1      | Noticed an octopode
     2 | D:1      | Noticed a human
     2 | D:1      | Noticed a human
     2 | D:1      | Noticed a spriggan
     2 | D:1      | Noticed a minotaur
     2 | D:1      | Noticed a naga
     2 | D:1      | Noticed a kraken
     2 | D:1      | Noticed a gargoyle
     2 | D:1      | Noticed a spriggan
     2 | D:1      | Noticed a troll
     2 | D:1      | Noticed a minotaur
     2 | D:1      | Noticed a draconian
     2 | D:1      | Noticed an ogre
     4 | D:1      | Killed an octopode
     5 | D:1      | Killed a naga
     6 | D:1      | Killed a human
    10 | D:1      | Killed a human
    13 | D:1      | Killed a naga
    14 | D:1      | Killed a gargoyle
    16 | D:1      | Killed a spriggan
    18 | D:1      | Killed a spriggan
    19 | D:1      | Killed a ghoul
    20 | D:1      | Killed a troll
    21 | D:1      | Killed an ogre
    22 | D:1      | Killed a minotaur
    23 | D:1      | Killed a minotaur
    25 | D:1      | Killed a draconian
    31 | D:1      | Found a sparkling altar of Nemelex Xobeh.
   137 | D:1      | Gained mutation: Your flesh is heat resistant. [potion of beneficial mutation]
   339 | D:1      | Reached XP level 2. HP: 25/25 MP: 1/1
   589 | D:2      | Reached skill level 4 in Staves
   594 | D:2      | Reached skill level 1 in Armour
   594 | D:2      | Reached XP level 3. HP: 27/31 MP: 2/2
   966 | D:2      | Found a stormy altar of Qazlal.
  1011 | D:2      | Found a shadowy altar of Dithmenos.
  1041 | D:2      | Reached XP level 4. HP: 25/38 MP: 3/3
  1578 | D:3      | Found a white marble altar of Elyvilon.
  1760 | D:3      | Noticed yottam's ghost (average HuWn)
  1780 | D:3      | Reached XP level 5. HP: 6/46 MP: 4/4
  3018 | D:4      | Found a bloodstained altar of Trog.
  3050 | D:4      | Noticed Menkaure
  3055 | D:4      | Killed Menkaure
  3055 | D:4      | Reached skill level 5 in Staves
  3055 | D:4      | Reached XP level 6. HP: 18/53 MP: 5/5
  3309 | D:4      | Reached skill level 5 in Dodging
  3516 | D:4      | Noticed Robin
  3528 | D:4      | Killed Robin
  3900 | D:4      | Reached XP level 7. HP: 54/60 MP: 6/6
  3976 | D:4      | Noticed Blork the orc
  3986 | D:4      | Killed Blork the orc
  3986 | D:4      | Reached skill level 5 in Fighting
  4039 | D:4      | Noticed Grinder
  4246 | D:4      | Paralysed by Grinder for 5 turns
  4266 | D:4      | Killed from afar by Grinder

Vault maps used:
D:1:      nicolae_arrival_kraken_aquarium_b, nemelex_xobeh_ov_fountains_minmay
D:2:      nicolae_qazlal_eye_of_the_storm,
          nicolae_dithmenos_through_a_glass_darkly
D:3:      elyvilon_altar_3, first_bread
D:4:      bloody_trog, uniq_blork_the_orc, uniq_robin, uniq_menkaure,
          uniq_grinder

Action                   |  1- 3 |  4- 6 |  7- 9 || total
-------------------------+-------+-------+-------++-------
Melee: Quarterstaff      |    63 |   165 |    34 ||   262
Throw: Throwing net      |       |       |     6 ||     6
Evoke: Wand              |       |    12 |       ||    12
  Use: Potion            |     1 |     7 |       ||     8
       Scroll            |       |     8 |     2 ||    10
 Stab: Held in net/web   |       |       |     1 ||     1
  Eat: Chunk             |       |     8 |     1 ||     9
       Pizza             |       |     1 |       ||     1
